 Dungeon Crawl Stone Soup version 0.20.2-3-g29329e0561 (webtiles) character file.

88 Alfie the Skirmisher (level 4, -15/40 HPs)
             Began as a Hill Orc Fighter on Mar 4, 2024.
             Demolished by a kobold
             ... wielding a +0 whip of electrocution
              (17 damage)
             ... on level 2 of the Dungeon.
             The game lasted 00:02:44 (1165 turns).

Alfie the Skirmisher (Hill Orc Fighter)             Turns: 1165, Time: 00:02:45

Health: -15/40     AC:  9    Str: 19    XL:     4   Next: 54%
Magic:  4/4        EV:  7    Int:  8    God:
Gold:   90         SH:  9    Dex: 10    Spells: 3/3 levels left

rFire    . . .     SeeInvis .   a - +0 rapier
rCold    . . .     Gourm    .   c - +0 shield
rNeg     . . .     Faith    .   b - +0 scale mail
rPois    .         Spirit   .   g - +0 helmet
rElec    .         Reflect  .   (no cloak)
rCorr    +         Harm     .   (no gloves)
MR       .....                  p - +0 pair of boots
Stlth    ..........             (no amulet)
Regen    0.2/turn               l - ring of resist corrosion
MPRegen  0.1/turn               (no ring)

@: no status effects
A: no striking features
a: no special abilities


You were on level 2 of the Dungeon.
You were not hungry.

You visited 1 branch of the dungeon, and saw 2 of its levels.

You collected 90 gold pieces.

Inventory:

Hand Weapons
 a - a +0 rapier (weapon)
Armour
 b - a +0 scale mail (worn)
 c - a +0 shield (worn)
 g - a +0 helmet (worn)
 p - a +0 pair of boots (worn)
Jewellery
 l - a ring of resist corrosion (left hand)
Scrolls
 e - a scroll of fog {unknown}
 i - 2 scrolls of remove curse {unknown}
 j - 5 scrolls of identify {unknown}
 m - a scroll of noise {unknown}
 s - a scroll of amnesia {unknown}
Potions
 d - a potion of might
 h - 2 potions of haste {unknown}
 k - 3 potions of heal wounds {unknown}
 r - 2 potions of agility {unknown}
Comestibles
 f - a bread ration
 n - 3 royal jellies
 q - a fruit


   Skills:
 + Level 4.1 Fighting
 + Level 3.1 Short Blades
 + Level 4.0 Armour
 + Level 0.5 Dodging
 + Level 3.8 Shields


You had 3 spell levels left.
You didn't know any spells.

Dungeon Overview and Level Annotations

Branches:
Dungeon (2/15)

Altars:


Message History

Your +0 scale mail melds into your body.
Your roots penetrate the ground.
You cannot move.
Your transformation is almost over.
You feel less wooden.
Your +0 helmet unmelds from your body.
Your +0 pair of boots unmelds from your body.
Your +0 scale mail unmelds from your body.
Found a potion of lignification.
A kobold comes into view. It is wielding a whip of electrocution.
The kobold shouts!
Found a robe.
Your shield and scale mail prevent you from hitting the kobold.
The kobold hits you but does no damage.
You are electrocuted!
You closely miss the kobold. The kobold hits you but does no damage.
You closely miss the kobold. The kobold hits you but does no damage.
You are electrocuted!
* * * LOW HITPOINT WARNING * * *
The kobold hits you but does no damage.
You are electrocuted!
You die...

######
##.##.#############
..................#
##.#..##########.##
...#..#........#.#
.#.#..#.######.#.#
.#.#..#.# #.#.#
......#.######.#@#
.#.##..........#K#
.#....).########.#
##.##...##### #.#
........#...............
##.###..#.###...#!######
............#... ..
##.###..#.#.#... ..# # #
#......#... ..#


You could see a kobold.

Vanquished Creatures
  A gnoll (D:1)
  3 adders (D:2)
  An ooze (D:2)
  A worm (D:2)
  A dart slug (D:1)
  3 leopard geckos
  3 bats (D:1)
  A giant cockroach (D:1)
  5 goblins
  3 hobgoblins
  5 jackals (D:2)
  A quokka (D:2)
  2 ball pythons (D:2)
  2 frilled lizards
  4 kobolds
  4 rats
40 creatures vanquished.

Notes
Turn   | Place    | Note
-------+----------+-------------------------------------------
     0 | D:1      | Alfie the Hill Orc Fighter began the quest for the Orb.
     0 | D:1      | Reached XP level 1. HP: 19/19 MP: 1/1
    81 | D:1      | Reached XP level 2. HP: 22/27 MP: 2/2
   238 | D:1      | Reached XP level 3. HP: 8/33 MP: 3/3
   626 | D:2      | Reached XP level 4. HP: 35/40 MP: 4/4
  1165 | D:2      | HP: 2/40 [kobold/whip of electrocution (18)]
  1165 | D:2      | Demolished by a kobold

Skill      XL: |  1  2  3  4 |
---------------+-------------+-----
Fighting       | 4 |  4.1
Armour         | 4 |  4.0
Short Blades   | 3 |  3.1
Dodging        | |  0.5
Shields        | |  3.8

Action                   |  1- 3 |  4- 6 || total
-------------------------+-------+-------++-------
Melee: Rapier            |   102 |    51 ||   153
  Use: Potion            |       |     1 ||     1
  Eat: Fruit             |       |     1 ||     1
Armor: Scale mail        |    64 |    22 ||    86
Dodge: Dodged            |    39 |    18 ||    57
Block: Shield            |    71 |    25 ||    96
